 Dungeon Crawl Stone Soup version 0.30-a0-930-gb9d0489357 (webtiles) character file.

Game seed: 15172026001718762684

477 NateTC the Covered (level 6, -4/57 HPs)
             Began as a Minotaur Fighter on Mar 9, 2023.
             Was an Initiate of Hepliaklqana.
             Slain by a water moccasin (5 damage)
             ... on level 5 of the Dungeon on Mar 23, 2023.
             The game lasted 00:17:26 (3409 turns).

NateTC the Covered (Minotaur Fighter)               Turns: 3409, Time: 00:17:27

Health: -4/57      AC: 13    Str: 23    XL:     6   Next: 85%
Magic:  5/5        EV:  7    Int:  5    God:    Hepliaklqana [......]
Gold:   213        SH:  4    Dex:  9    Spells: 5/5 levels left

rFire   . . .      SeeInvis .    a - +0 flail
rCold   . . .      Faith    .    c - +0 buckler
rNeg    . . .      Spirit   .    q - +0 chain mail
rPois   .          Reflect  .    (helmet restricted)
rElec   .          Rampage  .    o - +0 cloak
rCorr   .                        v - +0 pair of gloves
Will    .....                    (no boots) Stlth
                                 k - amulet of regeneration
HPRegen 1.09/turn                (no ring)
MPRegen 0.09/turn                (no ring)

@: mighty, lethally poisoned (-4 -> -11)
A: horns 2, retaliatory headbutt
a: Renounce Religion


You were on level 5 of the Dungeon.
You worshipped Hepliaklqana.
Hepliaklqana was noncommittal.
You visited 2 branches of the dungeon, and saw 6 of its levels.

You collected 213 gold pieces.

Inventory:

Hand Weapons
 a - a +0 flail (weapon)
Armour
 c - a +0 buckler (worn)
 o - a +0 cloak (worn)
 q - a +0 chain mail (worn)
 v - a +0 pair of gloves (worn)
Jewellery
 k - an amulet of regeneration (around neck)
 r - a ring of ice
Wands
 t - a wand of flame (11)
Scrolls
 b - a scroll of butterflies
 f - a scroll of silence {unknown}
 g - 2 scrolls of blinking
 i - a scroll of fog
Potions
 e - 2 potions of heal wounds {unknown}
 h - a potion of berserk rage {unknown}
 j - 2 potions of resistance
 l - a potion of lignification {unknown}
 m - a potion of haste {unknown}
 n - 3 potions of curing {unknown}
 p - 2 potions of degeneration
 s - a potion of flight {unknown}
 u - a potion of mutation {unknown}


   Skills:
 * Level 5.7 Fighting
 - Level 5.0 Maces & Flails
 - Level 7.0 Armour
 - Level 3.6 Shields


You had 5 spell levels left.
You didn't know any spells.
Your spell library contained the following spells:

 Spells                   Type           Power      Damage    Failure   Level
 Apportation              Tloc           0%         N/A       99%         1
 Blink                    Tloc           0%         N/A       100%        2
 Lesser Beckoning         Tloc           0%         N/A       100%        2
 Momentum Strike          Conj/Tloc      0%         3d8       100%        2
 Gell's Gravitas          Tloc           0%         N/A       100%        3
 Teleport Other           Tloc           0%         N/A       100%        3
 Alistair's Intoxication  Tmut/Pois      0%         N/A       100%        5


Dungeon Overview and Level Annotations

Branches:
Dungeon (5/15) Zot: 26703  Temple (1/1) D:5 Zot: 5827

Altars:
Ashenzari
Dithmenos
Gozag
Hepliaklqana
Makhleb
Okawaru
Qazlal
Sif Muna
Trog
Uskayaw
Wu Jian
Xom
Yredelemnul
The Shining One

Annotations:
D:3 3 runed translucent doors, SpyderV's ghost, amateur MiFi


Innate Abilities, Weirdness & Mutations

You have a pair of horns on your head.
You reflexively headbutt those who attack you in melee.


Message History

The gnoll closely misses you. x2
You don't know any spells.
Okay, then.
You feel very mighty all of a sudden. The gnoll completely misses you.
The gnoll hits you from afar with a +0 halberd.
You thump the gnoll!
You kill the gnoll!
The gnoll bouda gazes fiercely through you!
You feel your attacks grow feeble. The water moccasin bites you.
You are poisoned.
The water moccasin poisons you!
The gnoll hits you from afar with a +0 halberd.
Training target 7.0 for Armour reached!
Your Armour skill increases to level 7!
You need to enable at least one skill for training.
You miss the water moccasin.
You feel very sick. The water moccasin bites you.
The gnoll hits you from afar with a +0 halberd.
You miss the water moccasin.
Your headbutt misses the water moccasin.
You feel very sick.
The gnoll is no longer moving quickly.
You block the water moccasin's attack. The gnoll completely misses you.
You block the water moccasin's attack.
You closely miss the water moccasin.
You feel sick. The water moccasin bites you.
You are more poisoned.
The water moccasin poisons you!
The gnoll hits you from afar with a +0 halberd.
* * * LOW HITPOINT WARNING * * *
You barely miss the water moccasin.
Your attacks no longer feel as feeble.
You feel very sick.
The water moccasin bites you but does no damage.
The gnoll hits you from afar with a +0 halberd!
* * * LOW HITPOINT WARNING * * *
The water moccasin bites you.
You die...

#....### ##..###
###...# ###....##
#......# ##.##..##
###..##..# #...##...#
#♣♣♣#
#@####.#...♣#♣⌠.⌠♣
#####S#....#...#♣.._..
#....gg.### ...#♣.....
#......### #..#♣.....
#..##### #..#♣..... #g
#..#♣♣.... .S
#..###♣♣♣. ..
###...###♣♣ #
#...#...###


You could see a water moccasin, a gnoll bouda and a gnoll.

Vanquished Creatures
  A black bear (D:4)
  A scorpion (D:4)
  An orc priest (D:5)
  2 iguanas
  3 orc wizards (D:4)
  4 adders
  3 gnolls
  A white imp (D:5)
  2 worms (D:3)
  2 dart slugs (D:3)
  12 orcs
  7 ball pythons
  8 endoplasms
  5 giant cockroaches
  4 goblins
  7 hobgoblins
  7 jackals
  6 kobolds
  A quokka (D:5)
  6 bats
  4 frilled lizards
  4 rats
91 creatures vanquished.

Notes
Turn   | Place    | Note
-------+----------+-------------------------------------------
     0 | D:1      | NateTC the Minotaur Fighter began the quest for the Orb.
     0 | D:1      | Reached XP level 1. HP: 19/19 MP: 0/0
    41 | D:1      | Reached XP level 2. HP: 21/27 MP: 1/1
   110 | D:1      | Upgraded the game from 0.30-a0-862-g1aabd4f9c5 to
                  | 0.30-a0-879-ga8ba668304
   164 | D:1      | Reached XP level 3. HP: 19/34 MP: 2/2
   265 | D:1      | Found a faded altar of an unknown god.
  1405 | D:3      | Reached skill level 5 in Fighting
  1405 | D:3      | Reached XP level 4. HP: 42/42 MP: 3/3
  1429 | D:3      | Upgraded the game from 0.30-a0-879-ga8ba668304 to
                  | 0.30-a0-883-g5ad918d77d
  1433 | D:3      | Found an opulent altar of Gozag.
  1499 | D:3      | Upgraded the game from 0.30-a0-883-g5ad918d77d to
                  | 0.30-a0-930-gb9d0489357
  1556 | D:3      | Found a broken altar of Ashenzari.
  1685 | D:3      | Found a runed translucent gate.
  1685 | D:3      | Found a runed translucent gate.
  1686 | D:3      | Found an opulent altar of Gozag.
  1686 | D:3      | Found a runed translucent gate.
  1779 | D:3      | Noticed SpyderV's ghost (amateur MiFi)
  2008 | D:4      | Reached XP level 5. HP: 45/48 MP: 4/4
  2136 | D:4      | Reached skill level 5 in Maces & Flails
  2208 | D:4      | Noticed a black bear
  2217 | D:4      | Found a glowing golden altar of the Shining One.
  2236 | D:4      | Killed a black bear
  2237 | D:4      | Reached skill level 5 in Armour
  2329 | D:4      | Found an ornate altar of the Wu Jian Council.
  2346 | D:4      | Reached XP level 6. HP: 36/57 MP: 5/5
  2555 | D:4      | Reached skill level 6 in Armour
  2618 | D:4      | Found a burning altar of Makhleb.
  3017 | D:5      | Entered Level 5 of the Dungeon
  3078 | D:5      | Found a staircase to the Ecumenical Temple.
  3105 | Temple   | Entered the Ecumenical Temple
  3219 | Temple   | Became a worshipper of Hepliaklqana the Forgotten
  3325 | D:5      | Found a basalt altar of Yredelemnul.
  3396 | D:5      | Noticed a water moccasin
  3406 | D:5      | Reached skill level 7 in Armour
  3409 | D:5      | HP: 1/57 [gnoll/+0 halberd[a gnoll bouda] (12)]
  3409 | D:5      | Slain by a water moccasin

Illustrated notes

Levels and vault maps discovered:
D:1:      reono_arrival_forest_river, layout_rooms,
          ebering_ecumenical_altar_abandoned
D:2:      layout_basic
D:3:      layout_rooms, grunt_gozag_statues, evilmike_ruin_ashenzari,
          ebering_ghost_gozag, nrook_campfire
D:4:      nicolae_BIG_FREAKIN_CUBE, layout_basic, kennysheep_mini_moat,
          nicolae_wu_jian_wuxing_cycle, nicolae_tso_swordbearing_angel,
          st_stairs_11, kennysheep_generic_room_15
D:5:      layout_rooms, kennysheep_ying_yang, minmay_temple_entry_trees
Temple:   hellmonk_temple_beads

Skill      XL: |  1  2  3  4  5  6 |
---------------+-------------------+-----
Fighting       | 4 5 |  5.7
Maces & Flails | 3 4 5 |  5.0
Armour         | 5 7 |  7.0
Shields        | |  3.6

Action                     |  1- 3 |  4- 6 || total
---------------------------+-------+-------++-------
  Melee: Flail             |   100 |   118 ||   218
         Headbutt          |    13 |    22 ||    35
    Use: Scroll            |     7 |     3 ||    10
         Potion            |       |     1 ||     1
 Armour: Scale mail        |    55 |     3 ||    58
         Chain mail        |       |    41 ||    41
  Dodge: Dodged            |    46 |    36 ||    82
  Block: Buckler           |    22 |    22 ||    44

Table legend: (Time is in decaauts)
 A = Elapsed time spent in this place.
 B = Non-inter-level travel time spent in this place.
 C = Inter-level travel time spent in this place.
 D = Time resting spent in this place.
 E = Time spent auto-exploring this place.
 F = Levels seen in this place.
 G = Mean time per level.
                   A        B        C        D        E       F      G
               +--------+--------+--------+--------+--------+-----+--------+
         Total |   3467 |   3172 |    295 |    225 |   1479 |   6 |  577.8 |
       Dungeon |   3295 |   3073 |    222 |    225 |   1391 |   5 |  659.0 |
        Temple |    172 |     99 |     73 |      0 |     88 |   1 |  172.0 |
               +--------+--------+--------+--------+--------+-----+--------+

Top non-repeatable levels by time:
     D:4: 1135 daAuts
     D:2: 765 daAuts
     D:1: 611 daAuts
     D:3: 558 daAuts
     D:5: 224 daAuts
  Temple: 172 daAuts
